 Dungeon Crawl Stone Soup version 0.29-a0-728-g6bb282b620 (webtiles) character file.

Game seed: 4418222638041239076

5646 Ge0ff the Transmogrifier (level 10, -22/52 HPs)
             Began as a Deep Elf Venom Mage on June 29, 2022.
             Was a Follower of Vehumet.
             Killed from afar by a molten gargoyle (24 damage)
             ... with a bolt of magma
             ... on level 9 of the Dungeon.
             The game lasted 00:29:24 (13149 turns).

Ge0ff the Transmogrifier (Deep Elf Venom Mage)     Turns: 13149, Time: 00:29:24

Health: -22/52     AC:  9    Str:  5    XL:     10   Next: 46%
Magic:  8/25       EV: 12    Int: 25    God:    Vehumet [*.....]
Gold:   123        SH:  0    Dex: 15    Spells: 9/27 levels left

rFire   . . .      SeeInvis .   a - +3 spear
rCold   + + .      Faith    .   (no shield)
rNeg    + . .      Spirit   .   v - +1 robe "Vemenug" {Rampage rC+}
rPois   .          Reflect  .   D - +1 hat "Awnammie" {Rampage rElec rN+}
rElec   +          Harm     .   I - +2 cloak
rCorr   .          Rampage  +   (no gloves)
Will    +....                   Q - +1 pair of boots
Stlth   ++........              (no amulet)
HPRegen 0.17/turn               z - ring of protection from cold
MPRegen 0.19/turn               (no ring)

@: slightly contaminated
A: no striking features
a: Renounce Religion


You were on level 9 of the Dungeon.
You worshipped Vehumet.
Vehumet was aware of your devotion.
You visited 2 branches of the dungeon, and saw 10 of its levels.

You collected 499 gold pieces.
You spent 376 gold pieces at shops.

Inventory:

Hand Weapons
 a - a +3 spear (weapon)
 C - a +0 hammer
 J - a +2 quarterstaff of chaos
Missiles
 g - 2 throwing nets {=F}
 w - 3 javelins
 x - 9 atropa-tipped darts
 G - 2 silver boomerangs
 H - 3 boomerangs
 N - 70 stones
 Z - 24 poisoned darts
Armour
 v - the +1 robe "Vemenug" (worn) {Rampage rC+}
   (You bought it in a shop on level 4 of the Dungeon)

   rC:        It protects you from cold.
   Rampage:   It bestows one free step when moving towards enemies.
 D - the +1 hat "Awnammie" (worn) {Rampage rElec rN+}
   (You bought it in a shop on level 4 of the Dungeon)

   rElec:     It insulates you from electricity.
   rN:        It protects you from negative energy.
   Rampage:   It bestows one free step when moving towards enemies.
 I - a +2 cloak (worn)
 Q - a +1 pair of boots (worn)
 S - a +3 leather armour of fire resistance
Jewellery
 z - a ring of protection from cold (left hand)
Wands
 e - a wand of charming (8)
 f - a wand of flame (17)
 j - a wand of light (22)
 s - a wand of mindburst (2)
 P - a wand of polymorph (12)
Scrolls
 i - 2 scrolls of identify
 p - a scroll of noise {unknown}
 r - a scroll of torment {unknown}
 u - a scroll of enchant weapon {unknown}
 y - 2 scrolls of immolation
 B - 2 scrolls of blinking
 E - 4 scrolls of fear
 F - 2 scrolls of fog
 O - a scroll of amnesia {unknown}
 T - 3 scrolls of teleportation
 V - a scroll of vulnerability
Potions
 q - 10 potions of curing
 t - 2 potions of lignification {unknown}
 A - a potion of degeneration {unknown}
 K - 2 potions of magic {!q}
 L - a potion of resistance {unknown}
 M - 2 potions of might
 R - a potion of berserk rage {unknown}
 U - a potion of haste {unknown}
 W - 7 potions of heal wounds {!q}
 X - 2 potions of flight
 Y - 2 potions of attraction {unknown}


   Skills:
 - Level 1.0 Fighting
 - Level 2.4 Dodging
 - Level 2.4 Stealth
 + Level 9.3 Spellcasting
 * Level 9.5 Conjurations
 + Level 3.3 Translocations
 * Level 9.7 Transmutations
 + Level 3.2 Air Magic
 + Level 5.2 Poison Magic
 - Level 3.0 Evocations


You had 9 spell levels left.
You knew the following spells:

 Your Spells              Type           Power      Damage    Failure   Level
c - Blink                 Tloc           56%        N/A       1%          2
d - Iskenderun's Mystic   Conj/Tloc      43%        2d10      3%          4
f - Mephitic Cloud        Conj/Pois/Air  41%        N/A       1%          3
g - Apportation           Tloc           56%        N/A       1%          1
k - Sting                 Tmut/Pois      100%       1d8       1%          1
C - Poisonous Vapours     Pois/Air       64%        N/A       1%          2
E - Irradiate             Conj/Tmut      28%        3d22      2%          5

Your spell library contained the following spells:

 Spells                   Type           Power      Damage    Failure   Level
 Shock                    Conj/Air       100%       1d9       1%          1
 Magic Dart               Conj           100%       1d8       1%          1
 Searing Ray              Conj           100%       2d8       1%          2
 Static Discharge         Conj/Air       43%        N/A       1%          2
 Dazzling Flash           Conj/Hex       70%        N/A       2%          3
 Stone Arrow              Conj/Erth      70%        3d11      2%          3
 Lesser Beckoning         Tloc           28%        N/A       4%          3
 Necrotize                Necr           44%        1d6       5%          1
 Summon Small Mammal      Summ           44%        N/A       5%          1
 Olgreb's Toxic Radiance  Pois           37%        N/A       6%          4
 Ice Form                 Ice/Tmut       36%        N/A       7%          4
 Petrify                  Tmut/Erth      36%        N/A       7%          4
 Fulminant Prism          Conj/Hex       17%        3d11      8%          4
 Sticky Flame             Conj/Fire      35%        2d5       8%          4
 Sublimation of Blood     Necr           11%        N/A       9%          2
 Portal Projectile        Hex/Tloc       38%        N/A       9%          3
 Passage of Golubria      Tloc           28%        N/A       14%         4
 Call Canine Familiar     Summ           11%        N/A       16%         3
 Frozen Ramparts          Ice            22%        1d4       16%         3
 Tukima's Dance           Hex            11%        N/A       16%         3
 Yara's Violent Unravell  Hex/Tmut       18%        3d9       21%         5
 Manifold Assault         Tloc           28%        N/A       36%         5
 Animate Armour           Summ/Erth      22%        N/A       47%         4
 Dispel Undead            Necr           11%        3d9       47%         4
 Leda's Liquefaction      Hex/Erth       5%         N/A       47%         4
 Summon Ice Beast         Ice/Summ       11%        N/A       47%         4
 Starburst                Conj/Fire      17%        6d6       75%         6
 Lehudib's Crystal Spear  Conj/Erth      17%        10d5      100%        8


Dungeon Overview and Level Annotations

Branches:
Dungeon (9/15) Zot: 26706  Temple (1/1) D:4 Zot: 5814
   Lair: D:8-11         Orc: D:9-12

Altars:
Ashenzari
Cheibriados
Dithmenos
Elyvilon
Fedhas
Gozag
Hepliaklqana
Kikubaaqudgha
Makhleb
Nemelex Xobeh
Okawaru
Qazlal
Ru
Sif Muna
Trog
Uskayaw
Vehumet
Wu Jian
Xom
Yredelemnul
Zin
The Shining One

Shops:
D:4 *[   D:7 *!

Annotations:
D:1 contaminator (poison 21-26)


Message History

Confirm with . or Enter, or press ? or * to list all spells.
You erupt in a fountain of uncontrolled magic!
The yak is blasted with magical radiation!!
The yak is severely wounded.
The yak twists and deforms.
The yak is blasted with magical radiation!
The yak is heavily wounded.
The yak twists and deforms.
The yak is blasted with magical radiation!!
The yak is almost dead.
The yak twists and deforms.
You are very lightly contaminated with residual magic.
The yak bellows!
The yak gores you but does no damage. The yak barely misses you.
The yak gores you!
A molten gargoyle comes into view. It is wielding a +0 dire flail.
Casting: Irradiate (dangerous; 3% risk of failure)
Confirm with . or Enter, or press ? or * to list all spells.
You erupt in a fountain of uncontrolled magic!
The yak is blasted with magical radiation!!
You kill the yak!
Vehumet accepts your kill.
You feel your power returning.
The yak is blasted with magical radiation!!
You kill the yak!
Vehumet accepts your kill.
The yak is blasted with magical radiation!!!
You kill the yak!
Vehumet accepts your kill.
You feel your power returning.
Casting: Irradiate (dangerous; 2% risk of failure)
Confirm with . or Enter, or press ? or * to list all spells.
You erupt in a fountain of uncontrolled magic!
The molten gargoyle is blasted with magical radiation!!
The molten gargoyle is almost destroyed.
You are lightly contaminated with residual magic.
The molten gargoyle hits you with a +0 mace!
* * * LOW HITPOINT WARNING * * *
You are engulfed in flames!
* * * LOW HITPOINT WARNING * * *
Casting: Irradiate (dangerous; 2% risk of failure)
Confirm with . or Enter, or press ? or * to list all spells.
You erupt in a fountain of uncontrolled magic!
The molten gargoyle is blasted with magical radiation!!
You destroy the molten gargoyle!
Vehumet accepts your kill.
The water moccasin hisses angrily.
The molten gargoyle blasts magma at you!
The bolt of magma hits you!!
You die...

.... §≈≈≈≈≈≈.
#.... .≈≈88≈≈.
.... ##....
.≈≈88§§. .....
#.$... .≈≈§§≈≈≈
...o. #...#
.§≈9≈≈≈ ......
#....#...≈.≈. .
...#..# #.#.#.# .#
......# ###.#)#
.#. ..##..9
####...)@# ....
.....ol
#.......Y## .....
.......
#...#.....##$.....
....... #..
#.........#
....... #.
#..|..###..#
.....). .......#
.... .......
.......## ....
.....<. Y.......
... .......
....... .. .......


You could see a yak and a molten gargoyle.

Vanquished Creatures
  2 molten gargoyles (D:9)
  Sigmund (D:2)
  9 yaks
  A wyvern (D:8)
  Eustachio (D:6)
  Menkaure (D:6)
  3 water moccasins
  Duvessa (D:4)
  An ice beast (D:7)
  An orc warrior (D:8)
  2 centaurs
  3 ogres
  Blork the orc (D:4)
  A bullfrog (D:7)
  A necrophage (D:6)
  A scorpion (D:5)
  18 wights
  Dowan (D:4)
  9 killer bees (D:8)
  An electric eel (D:7)
  A howler monkey (D:6)
  2 hounds (D:6)
  A gnoll shaman (D:8)
  4 orc priests
  Crazy Yiuf (D:2)
  Ijyb (D:3)
  3 orc wizards
  Natasha (thrice) (D:2)
  2 iguanas
  Robin (D:3)
  10 gnolls
  5 adders
  A shadow imp (D:8)
  2 white imps (D:5)
  3 dart slugs
  28 orcs
  3 endoplasms
  2 giant cockroaches
  15 hobgoblins
  A jackal (D:1)
  2 quokkas
  4 ball pythons
  4 bats
  4 frilled lizards
  15 goblins
  6 kobolds
  7 rats
190 creatures vanquished.

Vanquished Creatures (others)
  2 plants (D:1)
2 creatures vanquished.

Grand Total: 192 creatures vanquished

Notes
Turn   | Place    | Note
-------+----------+-------------------------------------------
     0 | D:1      | Ge0ff the Deep Elf Venom Mage began the quest for the Orb.
     0 | D:1      | Reached XP level 1. HP: 10/10 MP: 6/6
   335 | D:1      | Reached XP level 2. HP: 16/16 MP: 6/8
   343 | D:1      | Learned a level 2 spell: Poisonous Vapours
   790 | D:1      | Found a faded altar of an unknown god.
   826 | D:1      | Reached skill level 1 in Fighting
  1364 | D:2      | Reached XP level 3. HP: 20/20 MP: 5/9
  1438 | D:2      | Noticed Natasha
  1443 | D:2      | Killed Natasha
  1444 | D:2      | Reached skill level 1 in Air Magic
  1588 | D:2      | Learned a level 3 spell: Mephitic Cloud
  1704 | D:2      | Noticed Natasha
  1728 | D:2      | Killed Natasha
  1729 | D:2      | Reached XP level 4. HP: 15/25 MP: 2/11
  2213 | D:2      | Noticed Natasha
  2218 | D:2      | Killed Natasha
  2219 | D:2      | Reached skill level 1 in Conjurations
  2516 | D:2      | Noticed Sigmund
  2702 | D:2      | Killed Sigmund
  2703 | D:2      | Reached XP level 5. HP: 29/29 MP: 7/14
  2703 | D:2      | Reached XP level 6. HP: 34/34 MP: 7/15
  2977 | D:2      | Found a runed translucent door.
  2978 | D:2      | Noticed Crazy Yiuf
  3158 | D:2      | Learned a level 2 spell: Blink
  3205 | D:3      | Noticed Ijyb
  3214 | D:3      | Noticed Robin
  3215 | D:3      | Killed Ijyb
  3230 | D:3      | Reached skill level 5 in Spellcasting
  3344 | D:3      | Killed Robin
  4065 | D:3      | Reached skill level 1 in Translocations
  4878 | D:3      | Learned a level 5 spell: Irradiate
  4991 | D:4      | Noticed Blork the orc
  5002 | D:4      | Killed Blork the orc
  5141 | D:4      | Found a staircase to the Ecumenical Temple.
  5149 | Temple   | Entered the Ecumenical Temple
  5378 | D:4      | Reached XP level 7. HP: 38/38 MP: 11/17
  5527 | D:4      | Found Zin's Purification Station.
  5532 | D:4      | Found a glowing silver altar of Zin.
  5695 | D:4      | Noticed Dowan
  5703 | D:4      | Noticed Duvessa
  5724 | D:4      | Killed Duvessa
  5725 | D:4      | Reached skill level 1 in Evocations
  5730 | D:4      | Killed Dowan
  5911 | D:4      | Found Heroqaf's Antique Armour Boutique.
  5937 | D:4      | Bought an encrusted hat for 153 gold pieces
  5937 | D:4      | Identified the +1 hat "Awnammie" {Rampage rElec rN+} (You
                  | bought it in a shop on level 4 of the Dungeon)
  6623 | D:2      | Killed Crazy Yiuf
  6779 | D:5      | Entered Level 5 of the Dungeon
  7049 | D:5      | You fall into a shaft and drop 2 floors!
  7092 | D:7      | Found Riagom's Gadget Gallery.
  7179 | D:6      | Noticed Eustachio
  7332 | D:6      | Reached skill level 5 in Transmutations
  7332 | D:6      | Reached XP level 8. HP: 43/43 MP: 18/18
  8299 | D:7      | Reached skill level 5 in Conjurations
  8480 | D:6      | Killed Eustachio
  8481 | D:6      | Reached skill level 5 in Poison Magic
  8837 | D:5      | Found a radiant altar of Vehumet.
  8844 | D:5      | Became a worshipper of Vehumet
  9327 | D:5      | Found a shadowy altar of Dithmenos.
  9470 | D:4      | Bought an ichor-stained robe for 96 gold pieces
  9470 | D:4      | Identified the +1 robe "Vemenug" {Rampage rC+} (You bought
                  | it in a shop on level 4 of the Dungeon)
  9592 | D:4      | Bought a pair of runed boots for 127 gold pieces
  9700 | D:6      | Reached XP level 9. HP: 36/47 MP: 8/21
  9991 | D:6      | Found an iron altar of Okawaru.
 10014 | D:6      | Noticed Menkaure
 10016 | D:6      | Killed Menkaure
 10518 | D:7      | Found Omiupsoy's Distillery.
 11225 | D:8      | Found a snail-covered altar of Cheibriados.
 11621 | D:8      | Reached * piety under Vehumet
 11621 | D:8      | Offered knowledge of Shock by Vehumet.
 12063 | D:8      | Reached XP level 10. HP: 52/52 MP: 8/24
 12822 | D:8      | Learned a level 1 spell: Apportation
 12827 | D:8      | Learned a level 4 spell: Iskenderun's Mystic Blast
 12873 | D:9      | Noticed a molten gargoyle
 13033 | D:9      | Noticed a molten gargoyle
 13034 | D:9      | Noticed a molten gargoyle
 13045 | D:9      | Killed a molten gargoyle
 13146 | D:9      | Noticed a molten gargoyle
 13148 | D:9      | HP: 2/52 [molten gargoyle/+0 mace (10)]
 13149 | D:9      | Killed a molten gargoyle
 13149 | D:9      | Killed from afar by a molten gargoyle

Illustrated notes

Levels and vault maps discovered:
D:1:      dpeg_arrival_brainrot, layout_basic,
          shapermc_ecumenical_altar_acropolis, minmay_misc_feat_diagonals
D:2:      layout_loops_ring, dk_vineyard_3, uniq_natasha,
          uniq_crazy_yiuf_cottage, uniq_sigmund
D:3:      layout_loops_ring, st_stairs_11, uniq_ijyb, uniq_robin
D:4:      layout_basic, zin_purify, minmay_temple_entry_fiery, serial_shops,
          nicolae_shop_statue_plus, kennysheep_another_room, uniq_duvessa,
          uniq_blork_the_orc
D:5:      layout_cave_pools, grunt_dithmenos_smoke, nicolae_vehumet_altar_sigil
D:6:      layout_loops_ring, okawaru_trees_2, uniq_menkaure, uniq_eustachio
D:7:      layout_loops_ring, nicolae_inconvenience_store, nicolae_shop_gadgets
D:8:      layout_rooms, kennysheep_slug_shrine, minmay_fractal_squares_5
D:9:      layout_cave_pools, hiddenorc1_lemuel, serial_bayou,
          serial_bayou_shore_b, serial_bayou_ford_a, serial_bayou_pond_d,
          serial_bayou_pond_d, minivault_8, uniq_erica
Temple:   bh_familiar_temple

Skill      XL: |  1  2  3  4  5  6  7  8  9 10 |
---------------+-------------------------------+-----
Fighting       | 1 |  1.0
Transmutations | 2 3 5 6 8 9 |  9.7
Air Magic      | 1 2 3 |  3.2
Poison Magic   | 4 5 |  5.2
Spellcasting   | 4 5 7 8 9 |  9.3
Conjurations   | 2 3 4 6 8 9 |  9.5
Translocations | 1 2 3 |  3.3
Evocations     | 2 3 |  3.0
Dodging        | |  2.4
Stealth        | |  2.4

Action                   |  1- 3 |  4- 6 |  7- 9 | 10-12 || total
-------------------------+-------+-------+-------+-------++-------
Melee: Short sword       |       |     8 |       |       ||     8
       Whip              |       |       |     3 |       ||     3
       Spear             |       |       |     8 |     9 ||    17
Throw: Javelin           |       |       |     1 |       ||     1
 Cast: Sting             |    48 |    39 |    79 |     8 ||   174
       Poisonous Vapours |    19 |    96 |   119 |    24 ||   258
       Mephitic Cloud    |       |     2 |    10 |     2 ||    14
       Irradiate         |       |       |    20 |    13 ||    33
       Blink             |       |       |     1 |       ||     1
Evoke: Wand              |       |       |    22 |     2 ||    24
  Use: Scroll            |       |     2 |     8 |       ||    10
 Stab: Confused          |       |       |     1 |       ||     1
Armor: Robe              |     4 |     6 |    26 |     8 ||    44
Dodge: Dodged            |     9 |    13 |    50 |    30 ||   102

Table legend: (Time is in decaauts)
 A = Elapsed time spent in this place.
 B = Non-inter-level travel time spent in this place.
 C = Inter-level travel time spent in this place.
 D = Time resting spent in this place.
 E = Time spent auto-exploring this place.
 F = Levels seen in this place.
 G = Mean time per level.
                   A        B        C        D        E       F      G
               +--------+--------+--------+--------+--------+-----+--------+
         Total |  13160 |  12738 |    422 |   1102 |   9709 |  10 | 1316.0 |
       Dungeon |  12974 |  12563 |    411 |   1102 |   9537 |   9 | 1441.6 |
        Temple |    185 |    174 |     11 |      0 |    172 |   1 |  185.0 |
               +--------+--------+--------+--------+--------+-----+--------+

Top non-repeatable levels by time:
     D:8: 2066 daAuts
     D:2: 1948 daAuts
     D:3: 1787 daAuts
     D:7: 1710 daAuts
     D:4: 1539 daAuts
     D:1: 1380 daAuts
     D:6: 1376 daAuts
     D:5: 1125 daAuts
  Temple: 185 daAuts
     D:9: 41 daAuts
